 Dungeon Crawl Stone Soup version 0.25.0-1-g7eea58d (webtiles) character file.

Game seed: 3831629943572703286

706 Illumine the Caller (level 7, -1/60 HPs)
             Began as a Deep Elf Summoner on June 25, 2020.
             Was a Follower of Sif Muna.
             Slain by a hippogriff (2 damage)
             ... on level 9 of the Dungeon.
             The game lasted 00:14:10 (5874 turns).

Illumine the Caller (Deep Elf Summoner)             Turns: 5874, Time: 00:14:11

Health: -1/60      AC: 27    Str:  5    XL:     7   Next: 39%
Magic:  17/17      EV:  2    Int: 22    God:    Sif Muna [*.....]
Gold:   378        SH:  0    Dex: 15    Spells: 3/17 levels left

rFire    . . .     SeeInvis .   a - +0 short sword
rCold    . . .     Gourm    .   (no shield)
rNeg     + + +     Faith    .   (armour currently unavailable)
rPois    +         Spirit   .   (helmet currently unavailable)
rElec    .         Reflect  .   (cloak currently unavailable)
rCorr    .         Harm     .   (gloves currently unavailable)
MR       .....     NoTele   +   (boots currently unavailable)
Stlth    ++........             (no amulet)
HPRegen  0.20/turn              p - +4 ring of protection
MPRegen  0.15/turn              (no ring)

@: tree-form
A: no striking features
a: Channel Magic, Renounce Religion


You were on level 9 of the Dungeon.
You worshipped Sif Muna.
Sif Muna was aware of your devotion.
You were hungry.
You were a tree.
You visited 2 branches of the dungeon, and saw 10 of its levels.

You collected 378 gold pieces.

Inventory:

Hand Weapons
 a - a +0 short sword (weapon)
 b - a +0 hunting sling
Missiles
 e - 34 sling bullets
 k - 136 stones (quivered)
Armour
 f - a +0 robe (melded)
 j - a +2 pair of gloves (melded)
 m - a +0 tower shield
 q - the +6 scale mail of Culidgh Qycim {rPois Int+5 Dex+3 SInv, unknown}
   (You found it on level 7 of the Dungeon)

   It affects your intelligence (+5).
   It affects your dexterity (+3).
   It protects you from poison.
   It lets you see invisible.
Jewellery
 h - an uncursed amulet of magic regeneration {unknown}
 p - a +4 ring of protection (left branch)
Wands
 d - a wand of polymorph (8)
 x - a wand of acid (6)
Scrolls
 g - 4 scrolls of identify
 n - a scroll of remove curse {unknown}
 r - 2 scrolls of enchant armour
 u - 6 scrolls of enchant weapon {unknown}
 w - a scroll of immolation {unknown}
Potions
 i - a potion of haste
 l - a potion of degeneration
 o - a potion of lignification
 s - a potion of ambrosia
 t - 2 potions of flight
 z - a potion of brilliance
 B - a potion of curing
Comestibles
 c - 6 rations
 A - 3 chunks of flesh


   Skills:
 + Level 2.8 Fighting
 + Level 5.1 Dodging
 - Level 2.4 Stealth
 * Level 5.8 Spellcasting
 * Level 6.2 Summonings
 + Level 1.5 Ice Magic
 * Level 1.3 Air Magic


You had 3 spell levels left.
You knew the following spells:

 Your Spells              Type           Power        Failure   Level  Hunger
a - Summon Small Mammal   Summ           ####         1%          1    None
b - Call Imp              Summ           ####....     1%          2    None
c - Call Canine Familiar  Summ           ####....     1%          3    ##.....
d - Summon Lightning Spi  Summ/Air       ###.....     19%         4    ####...
e - Summon Ice Beast      Ice/Summ       ###.....     19%         4    ####...

Your spell library contained the following spells:

 Spells                   Type           Power        Failure   Level  Hunger
 Summon Guardian Golem    Hex/Summ       ###.....     8%          3    ##.....


Dungeon Overview and Level Annotations

Branches:
Dungeon (9/15)             Temple (1/1) D:5
   Lair: D:8-11         Orc: D:9-12

Altars:
Cheibriados
Dithmenos
Fedhas
Hepliaklqana
Nemelex Xobeh
Okawaru
Sif Muna
The Shining One

Shops:
D:8 *

Annotations:
D:2 Sigmund
D:7 Prince Ribbit


Message History

* * * LOW HITPOINT WARNING * * *
The quokka bites you but does no damage.
The killer bee stings you but does no damage. x2
The quokka bites you.
* * * LOW HITPOINT WARNING * * *
As you read the scroll of identify, it crumbles to dust.
l - a potion of degeneration The killer bee stings you but does no damage. x4
As you read the scroll of identify, it crumbles to dust.
s - a potion of ambrosia The killer bee stings you.
* * * LOW HITPOINT WARNING * * *
The killer bee stings you but does no damage. x3
As you read the scroll of identify, it crumbles to dust.
z - a potion of brilliance The killer bee stings you but does no damage. x2
The killer bee completely misses you.
The hippogriff bites you but does no damage.
The hippogriff barely misses you. The hippogriff claws you.
You die... .# # ## .#Y #. .#. .#.. .Y.# #yY

#Y# ##y#
#y♣# #H##
#...rr#
.....#...
..##
#.#.. #.
##H .? ..
.. #. #..
.#


You could see a hippogriff, 3 yaks, 3 killer bees and 2 quokkas.

Vanquished Creatures
  An ice beast (D:7)
  An adder (D:6)
  A leopard gecko (D:3)
  2 orcs (D:4)
  A goblin (D:3)
  A hobgoblin (D:3)
  A quokka (D:4)
  A bat (D:3)
  A rat (D:3)
10 creatures vanquished.

Vanquished Creatures (collateral kills)
  A sky beast (D:6)
  5 ogres
  A centaur (D:7)
  A bullfrog (D:7)
  A scorpion (D:6)
  A howler monkey (D:6)
  2 crimson imps (D:7)
  An iron imp (D:6)
  3 hounds
  2 worker ants
  2 hound skeletons
  A hound zombie (D:8)
  A howler monkey skeleton (D:6)
  3 adders
  A shadow imp (D:7)
  An adder skeleton (D:7)
  A leopard gecko (D:5)
  12 orcs
  2 bats (D:1)
  7 giant cockroaches
  4 hobgoblins
  3 frilled lizards
  3 goblins
  2 goblin skeletons (D:6)
  2 goblin zombies (D:6)
  A jackal skeleton (D:4)
  6 kobolds
  A kobold skeleton (D:6)
  2 orc skeletons (D:6)
  An orc zombie (D:6)
  A quokka skeleton (D:6)
  6 rats
81 creatures vanquished.

Grand Total: 91 creatures vanquished

Notes
Turn   | Place    | Note
-------+----------+-------------------------------------------
     0 | D:1      | Illumine the Deep Elf Summoner began the quest for the Orb.
     0 | D:1      | Reached XP level 1. HP: 10/10 MP: 6/6
   432 | D:1      | Reached XP level 2. HP: 15/15 MP: 5/8
   436 | D:1      | Learned a level 2 spell: Call Imp
  1239 | D:2      | Noticed a crimson imp
  1419 | D:2      | Noticed Sigmund
  1459 | D:3      | Found a blossoming altar of Fedhas.
  1943 | D:3      | Reached XP level 3. HP: 20/20 MP: 7/10
  2169 | D:3      | Found a shadowy altar of Dithmenos.
  2189 | D:3      | Found an iron altar of Okawaru.
  2223 | D:3      | Found a faded altar of an unknown god.
  2425 | D:3      | Learned a level 3 spell: Call Canine Familiar
  2517 | D:4      | Noticed a two-headed ogre
  2620 | D:4      | Noticed an ogre
  2630 | D:4      | Killed an ogre
  2630 | D:4      | Reached skill level 1 in Fighting
  2630 | D:4      | Reached skill level 5 in Summonings
  2630 | D:4      | Reached XP level 4. HP: 25/25 MP: 4/12
  2799 | D:4      | Found a sparkling altar of Nemelex Xobeh.
  2843 | D:5      | Entered Level 5 of the Dungeon
  3019 | D:5      | Found a staircase to the Ecumenical Temple.
  3035 | Temple   | Entered the Ecumenical Temple
  3095 | Temple   | Became a worshipper of Sif Muna the Loreminder
  3126 | D:5      | Found a hazy altar of Hepliaklqana.
  3127 | D:5      | Noticed an ogre
  3142 | D:5      | Killed an ogre
  3142 | D:5      | Reached XP level 5. HP: 11/30 MP: 4/13
  3605 | D:6      | Noticed an ogre
  3617 | D:6      | Killed an ogre
  3848 | D:6      | Noticed an ogre
  3861 | D:6      | Killed an ogre
  3861 | D:6      | Reached XP level 6. HP: 35/35 MP: 6/15
  4045 | D:6      | Reached skill level 5 in Spellcasting
  4229 | D:6      | Found a glowing golden altar of the Shining One.
  4425 | D:6      | Noticed a sky beast
  4441 | D:6      | Killed a sky beast
  4735 | D:6      | Reached skill level 6 in Summonings
  4741 | D:6      | Learned a level 4 spell: Summon Lightning Spire
  4848 | D:6      | Learned a level 4 spell: Summon Ice Beast
  4893 | D:7      | Reached XP level 7. HP: 13/40 MP: 17/17
  5203 | D:7      | Found the +5 demon whip "Spellbinder" {antimagic, MR+}
  5205 | D:7      | Got a heavily runed scale mail
  5494 | D:7      | Reached * piety under Sif Muna
  5497 | D:7      | Reached skill level 5 in Dodging
  5527 | D:7      | Reached skill level 1 in Ice Magic
  5527 | D:7      | Reached skill level 1 in Air Magic
  5749 | D:7      | Noticed Prince Ribbit
  5840 | D:8      | Found Jeplos's General Store.
  5861 | D:9      | Noticed a yak
  5861 | D:9      | Noticed a yak
  5863 | D:9      | Noticed a hippogriff
  5869 | D:9      | Noticed a yak
  5873 | D:9      | HP: 1/60 [killer bee (6)]
  5874 | D:9      | Slain by a hippogriff

Illustrated notes

Levels and vault maps discovered:
D:1:      dpeg_arrival_simpleton_c, layout_loops_corners
D:2:      layout_loops_cross, uniq_sigmund, uniq_natasha
D:3:      layout_loops_ring, overflow_temple_1_default, fedhas_altar_3,
          chequers_ecumenical_altar_grove, okawaru_metal_pillars_1_2
D:4:      layout_basic, nicolae_overflow_hidden_temple, first_ration
D:5:      layout_cave_pools, minmay_temple_entry_large_hall, basic_altar
D:6:      layout_layer_cave, nicolae_tso_besieged_by_evil
D:7:      layout_loops_cross, zin_treasury, serial_shops,
          nicolae_shop_window_shopping, uniq_prince_ribbit1
D:8:      layout_rooms, yredelemnul_altar_generic, vehumet_crystals,
          lair_entry_dummy, serial_shops, shop, grunt_pizzeria, uniq_grum
D:9:      layout_rooms
Temple:   nicolae_temple_figure_eight

Skill      XL: |  1  2  3  4  5  6  7 |
---------------+----------------------+-----
Dodging        | 3 4 5 |  5.1
Fighting       | 1 2 |  2.8
Spellcasting   | 4 5 |  5.8
Summonings     | 5 6 |  6.2
Ice Magic      | 1 |  1.5
Air Magic      | 1 |  1.3
Stealth        | |  2.4

Action                   |  1- 3 |  4- 6 |  7- 9 || total
-------------------------+-------+-------+-------++-------
Melee: Short sword       |    11 |    57 |    36 ||   104
 Fire: Hunting sling     |    12 |     1 |       ||    13
 Cast: Summon Small Mamm |    28 |       |       ||    28
       Call Imp          |    22 |    29 |    19 ||    70
       Call Canine Famil |     1 |    13 |    10 ||    24
  Use: Scroll            |       |       |     8 ||     8
       Potion            |       |       |     1 ||     1
 Stab: Sleeping          |       |       |     1 ||     1
  Eat: Chunk             |     6 |     6 |     1 ||    13
       Ration            |       |     1 |       ||     1
Armor: Robe              |     8 |    21 |    12 ||    41
       Skin              |       |       |    34 ||    34
Dodge: Dodged            |    32 |    48 |    38 ||   118
